A+ CENTRAL
BELOIT SNAPPERS @ CEDAR RAPIDS KERNELS
07/16/2041
 
TOP OF THE 1ST
Beloit Snappers batting - Pitching for Cedar Rapids Kernels : RHP Brendan Weeks
Pitching: RHP Brendan Weeks
Batting: LHB Jorge Castillo 0-0: Foul Ball, location: 7LDF
0-1: Ball
1-1: Foul Ball, location: 7LSF
1-2: Ball
2-2: SINGLE (Flyball, 4D, EV 96.3 MPH)
Batting: RHB Butch Haig 0-0: Called Strike
0-1: Ball
1-1: Swinging Strike
1-2: SINGLE (Line Drive, 9S, EV 91.3 MPH)
Jorge Castillo to second
Batting: RHB Dave Mitchell 0-0: SINGLE (Groundball, 6MD, EV 101.3 MPH)
Jorge Castillo to third
Butch Haig to second
Runner from 3rd tries for Home, SAFE, throw by CF to home
Batting: LHB José Jiménez 0-0: Called Strike
0-1: SINGLE (Groundball, 13, EV 85.6 MPH) (infield hit)
Butch Haig to third
Dave Mitchell to second
Batting: RHB Montel Russo 0-0: Called Strike
0-1: Fly out, F7 (Flyball, 78D, EV 101.3 MPH)
Runner from 3rd tags up, SCORES, throw by LF
Dave Mitchell to third
Batting: RHB David Holguín 0-0: Ball
1-0: Foul Ball, location: 25F
1-1: Foul Ball, location: 23F
1-2: Foul Ball, location: 23F
1-2: DOUBLE (Line Drive, 7LM, EV 106.9 MPH)
Dave Mitchell scores
José Jiménez to third
Runner from 3rd tries for Home, SAFE, throw by LF to trailing runner, SAFE at third!
Batting: LHB Alfredo Ramos 0-0: Foul Ball, location: 2F
0-1: Ball
1-1: Ball
2-1: Ball
3-1: Base on Balls
Batting: RHB Albert Nieves 0-0: Called Strike
0-1: Ball
1-1: Ball
2-1: Swinging Strike
2-2: Strikes out looking
Batting: RHB José Flores 0-0: Ball
1-0: Called Strike
1-1: Foul Ball, location: 23F
1-2: Ball
2-2: Foul Ball, location: 7LMF
2-2: Ball
3-2: Foul Ball, location: 2F
3-2: Ground out 1-3 (Groundball, 13, EV 67.5 MPH)
Top of the 1st over - 4 runs, 5 hits, 0 errors, 2 left on base; Beloit 4 - Cedar Rapids 0
BOTTOM OF THE 1ST
Cedar Rapids Kernels batting - Pitching for Beloit Snappers : RHP Mario Solís
Pitching: RHP Mario Solís
Batting: RHB José Sánchez 0-0: Called Strike
0-1: Ground out 4-3 (Groundball, 4, EV 84.4 MPH)
Batting: RHB Jeremy Hoffman 0-0: Ball
1-0: Ball
2-0: Ball
3-0: Base on Balls
Batting: LHB Pete Baker 0-0: Called Strike
0-1: Swinging Strike
0-2: Foul Ball, location: 2F
0-2: Foul Ball, location: 5SF
0-2: Strikes out swinging
Batting: LHB Bernardo Contreras 0-0: Ball
1-0: Called Strike
Jeremy Hoffman steals 2nd base
1-1: Fly out, F8 (Flyball, 8RXD, EV 108.8 MPH)
Bottom of the 1st over - 0 runs, 0 hits, 0 errors, 1 left on base; Beloit 4 - Cedar Rapids 0
TOP OF THE 2ND
Beloit Snappers batting - Pitching for Cedar Rapids Kernels : RHP Brendan Weeks
Batting: LHB Jorge Castillo 0-0: Called Strike
0-1: Ground out 3-1 (Groundball, 34S, EV 80.0 MPH)
Batting: RHB Butch Haig 0-0: SINGLE (Groundball, 15S, EV 68.8 MPH) (infield hit)
Batting: RHB Dave Mitchell 0-0: Called Strike
0-1: Called Strike
0-2: Strikes out swinging
Batting: LHB José Jiménez 0-0: Called Strike
0-1: Ball
1-1: Called Strike
1-2: Ground out U3 (Groundball, 3, EV 93.1 MPH)
Top of the 2nd over - 0 runs, 1 hit, 0 errors, 1 left on base; Beloit 4 - Cedar Rapids 0
BOTTOM OF THE 2ND
Cedar Rapids Kernels batting - Pitching for Beloit Snappers : RHP Mario Solís
Batting: SHB Juan Gallegos 0-0: Fly out, F7 (Flyball, 7D, EV 98.1 MPH)
Batting: RHB António León 0-0: Called Strike
0-1: Ball
1-1: Ball
2-1: Foul Ball, location: 5FF
2-2: Foul Ball, location: 25F
2-2: Foul Ball, location: 9LSF
2-2: Foul Ball, location: 25F
2-2: Foul Ball, location: 2F
2-2: Strikes out swinging
Batting: SHB Darrel Taylor 0-0: Swinging Strike
0-1: Ball
1-1: Ball
2-1: Called Strike
2-2: Ball
3-2: Base on Balls
Batting: LHB Caden Montgomery 0-0: Called Strike
0-1: Fly out, F5 (Line Drive, 5, EV 66.9 MPH)
Bottom of the 2nd over - 0 runs, 0 hits, 0 errors, 1 left on base; Beloit 4 - Cedar Rapids 0
TOP OF THE 3RD
Beloit Snappers batting - Pitching for Cedar Rapids Kernels : RHP Brendan Weeks
Batting: RHB Montel Russo 0-0: Foul Ball, location: 2F
0-1: Foul Ball, location: 25F
0-2: Foul Ball, location: 3SF
0-2: Ball
1-2: Foul Ball, location: 3SF
1-2: Fly out, F6 (Popup, 56D, EV 69.4 MPH)
Batting: RHB David Holguín 0-0: TRIPLE (Line Drive, 89XD, EV 101.9 MPH)
Batting: LHB Alfredo Ramos 0-0: Called Strike
0-1: Foul Ball, location: 2F
0-2: Strikes out looking
Batting: RHB Albert Nieves 0-0: Foul Ball, location: 2LF
0-1: Foul Ball, location: 2F
0-2: Ball
1-2: Ball
2-2: Foul Ball, location: 7LSF
2-2: Ball
3-2: SINGLE (Groundball, 34D, EV 86.3 MPH) (infield hit)
David Holguín scores
Pitching: RHP Jorge Medina
Batting: RHB José Flores 0-0: Ball
1-0: Foul Ball, location: 2F
1-1: Ball
2-1: DOUBLE (Flyball, 8LXD, EV 95.0 MPH)
Albert Nieves to third
Batting: LHB Jorge Castillo 0-0: Swinging Strike
0-1: Ground out 5-3 (Groundball, 5L, EV 105.0 MPH)
Top of the 3rd over - 1 run, 3 hits, 0 errors, 2 left on base; Beloit 5 - Cedar Rapids 0
BOTTOM OF THE 3RD
Cedar Rapids Kernels batting - Pitching for Beloit Snappers : RHP Mario Solís
Batting: LHB Sam Anderson 0-0: Ball
1-0: Called Strike
1-1: Ground out 6-3 (Groundball, 6, EV 81.9 MPH)
Batting: RHB José Sánchez 0-0: Ball
1-0: Ball
2-0: Called Strike
2-1: Ball
3-1: Base on Balls
Batting: RHB Jeremy Hoffman 0-0: Swinging Strike
0-1: Ball
1-1: Called Strike
1-2: Foul Ball, location: 2F
1-2: Ball
2-2: Strikes out swinging
Batting: LHB Pete Baker 0-0: Ball
1-0: Called Strike
1-1: Ball
2-1: Foul Ball, location: 2F
2-2: Ball
3-2: Foul Ball, location: 7LMF
3-2: Strikes out looking
Bottom of the 3rd over - 0 runs, 0 hits, 0 errors, 1 left on base; Beloit 5 - Cedar Rapids 0
TOP OF THE 4TH
Beloit Snappers batting - Pitching for Cedar Rapids Kernels : RHP Jorge Medina
Batting: RHB Butch Haig 0-0: Ball
1-0: Foul Ball, location: 2F
1-1: Foul Ball, location: 5DF
1-2: Strikes out looking
Batting: RHB Dave Mitchell 0-0: Called Strike
0-1: Ball
1-1: Ball
2-1: Foul Ball, location: 25F
2-2: Strikes out swinging
Batting: LHB José Jiménez 0-0: Ball
1-0: Foul Ball, location: 5F
1-1: Ball
2-1: Foul Ball, location: 7LMF
2-2: Foul Ball, location: 5F
2-2: Strikes out swinging
Top of the 4th over - 0 runs, 0 hits, 0 errors, 0 left on base; Beloit 5 - Cedar Rapids 0
BOTTOM OF THE 4TH
Cedar Rapids Kernels batting - Pitching for Beloit Snappers : RHP Mario Solís
Batting: LHB Bernardo Contreras 0-0: Ball
1-0: Called Strike
1-1: Ball
2-1: Ball
3-1: Foul Ball, location: 2F
3-2: SOLO HOME RUN (Flyball, 78XD, EV 96.9 MPH), Distance : 390 ft
Batting: SHB Juan Gallegos 0-0: Called Strike
0-1: Ball
1-1: Ball
2-1: Swinging Strike
2-2: Foul Ball, location: 7LDF
2-2: Ball
3-2: Strikes out swinging
Batting: RHB António León 0-0: SINGLE (Line Drive, 34D, EV 103.1 MPH)
Batting: SHB Darrel Taylor 0-0: Swinging Strike
0-1: Fly out, F8 (Flyball, 8RD, EV 98.8 MPH)
Batting: LHB Caden Montgomery 0-0: Called Strike
0-1: Ball
1-1: Ball
2-1: Foul Ball, location: 3DF
2-2: Foul Ball, location: 2F
2-2: Fly out, F9 (Flyball, 89M, EV 86.3 MPH)
Bottom of the 4th over - 1 run, 2 hits, 0 errors, 1 left on base; Beloit 5 - Cedar Rapids 1
TOP OF THE 5TH
Beloit Snappers batting - Pitching for Cedar Rapids Kernels : RHP Jorge Medina
Batting: RHB Montel Russo 0-0: Ball
1-0: Ball
2-0: Ball
3-0: Called Strike
3-1: Swinging Strike
3-2: Strikes out swinging
Batting: RHB David Holguín 0-0: Swinging Strike
0-1: Ball
1-1: Foul Ball, location: 2F
1-2: Foul Ball, location: 3FF
1-2: Ground out 4-3 (Groundball, 4, EV 81.9 MPH)
Batting: LHB Alfredo Ramos 0-0: Ground out 4-3 (Groundball, 34D, EV 84.4 MPH)
Top of the 5th over - 0 runs, 0 hits, 0 errors, 0 left on base; Beloit 5 - Cedar Rapids 1
BOTTOM OF THE 5TH
Cedar Rapids Kernels batting - Pitching for Beloit Snappers : RHP Mario Solís
Batting: LHB Sam Anderson 0-0: Ball
1-0: Ball
2-0: Ball
3-0: Foul Ball, location: 5F
3-1: Foul Ball, location: 2F
3-2: TRIPLE (Flyball, 9LD, EV 92.5 MPH)
Batting: RHB José Sánchez 0-0: Swinging Strike
0-1: Foul Ball, location: 9LMF
0-2: Ball
1-2: SINGLE (Groundball, 4, EV 100.6 MPH) (infield hit)
Sam Anderson scores
Batting: RHB Jeremy Hoffman 0-0: Ball
1-0: Sac Bunt to 13 - play at first, batter OUT! 1-3
José Sánchez to second
Batting: LHB Pete Baker 0-0: Ball
1-0: Ball
2-0: Foul Ball, location: 2F
2-1: Foul Ball, location: 7LSF
2-2: Strikes out swinging
Pitching: RHP Raúl Reyes
Batting: LHB Bernardo Contreras 0-0: Called Strike
0-1: Ball
1-1: Ball
2-1: Ball
3-1: Fly out, F8 (Flyball, 8LM, EV 98.1 MPH)
Bottom of the 5th over - 1 run, 2 hits, 0 errors, 1 left on base; Beloit 5 - Cedar Rapids 2
TOP OF THE 6TH
Beloit Snappers batting - Pitching for Cedar Rapids Kernels : RHP Jorge Medina
Batting: RHB Albert Nieves 0-0: Ball
1-0: Ball
2-0: SINGLE (Groundball, 34D, EV 98.1 MPH)
Batting: RHB José Flores 0-0: Bunted foul
0-1: Sac Bunt to 2R - play at first, batter OUT! 2-3
Albert Nieves to second
Batting: LHB Jorge Castillo 0-0: SINGLE (Groundball, 34D, EV 95.0 MPH)
Albert Nieves to third
Runner from 3rd tries for Home, SAFE, throw by RF to home
Batting: RHB Butch Haig 0-0: Foul Ball, location: 5F
0-1: Ball
1-1: Ball
2-1: Ball
3-1: Foul Ball, location: 2F
3-2: Foul Ball, location: 2F
3-2: Foul Ball, location: 25F
3-2: DOUBLE (Groundball, 5L, EV 108.8 MPH)
Jorge Castillo to third
Runner from 3rd tries for Home, SAFE, throw by LF to home
Batting: RHB Dave Mitchell 0-0: Called Strike
0-1: Ground out 6-3 (Groundball, 6, EV 86.3 MPH)
Batting: LHB José Jiménez 0-0: Fly out, F9 (Flyball, 89M, EV 85.0 MPH)
Top of the 6th over - 2 runs, 3 hits, 0 errors, 1 left on base; Beloit 7 - Cedar Rapids 2
BOTTOM OF THE 6TH
Cedar Rapids Kernels batting - Pitching for Beloit Snappers : RHP Raúl Reyes
Batting: SHB Juan Gallegos 0-0: Ball
1-0: Foul Ball, location: 2F
1-1: Ball
2-1: Fly out, F9 (Flyball, 89M, EV 90.6 MPH)
Batting: RHB Jorge Rivas 0-0: Called Strike
0-1: Called Strike
0-2: Strikes out swinging
Batting: SHB Darrel Taylor 0-0: Foul Ball, location: 2F
0-1: Ball
1-1: Swinging Strike
1-2: Ball
2-2: Fly out, F7 (Flyball, 7D, EV 108.8 MPH)
Bottom of the 6th over - 0 runs, 0 hits, 0 errors, 0 left on base; Beloit 7 - Cedar Rapids 2
TOP OF THE 7TH
Beloit Snappers batting - Pitching for Cedar Rapids Kernels : RHP Jorge Medina
Batting: RHB Montel Russo 0-0: Ball
1-0: Called Strike
1-1: Ball
2-1: Foul Ball, location: 5F
2-2: Foul Ball, location: 2F
2-2: Ball
3-2: Strikes out swinging
Batting: RHB David Holguín 0-0: Ball
1-0: Called Strike
1-1: Called Strike
1-2: Ball
2-2: Strikes out swinging
Batting: LHB Alfredo Ramos 0-0: Ball
1-0: Ground out 6-3 (Groundball, P, EV 87.5 MPH)
Top of the 7th over - 0 runs, 0 hits, 0 errors, 0 left on base; Beloit 7 - Cedar Rapids 2
BOTTOM OF THE 7TH
Cedar Rapids Kernels batting - Pitching for Beloit Snappers : RHP Raúl Reyes
Batting: LHB Caden Montgomery 0-0: Called Strike
0-1: Ball
1-1: Ball
2-1: Ball
3-1: Foul Ball, location: 5DF
3-2: Foul Ball, location: 2F
3-2: Foul Ball, location: 7LDF
3-2: Fly out, F7 (Flyball, 7, EV 95.0 MPH)
Batting: LHB Sam Anderson 0-0: Ball
1-0: Ball
2-0: Ground out 4-3 (Groundball, 4, EV 90.6 MPH)
Batting: RHB José Sánchez 0-0: Swinging Strike
0-1: Ball
1-1: Foul Ball, location: 3FF
1-2: Ground out 6-3 (Groundball, 6, EV 82.5 MPH)
Bottom of the 7th over - 0 runs, 0 hits, 0 errors, 0 left on base; Beloit 7 - Cedar Rapids 2
TOP OF THE 8TH
Beloit Snappers batting - Pitching for Cedar Rapids Kernels : RHP Jorge Medina
Batting: RHB Albert Nieves 0-0: Ball
1-0: Foul Ball, location: 2RF
1-1: Swinging Strike
1-2: Ball
2-2: Strikes out swinging
Batting: RHB José Flores 0-0: Called Strike
0-1: Ball
1-1: Swinging Strike
1-2: Strikes out looking
Batting: LHB Jorge Castillo 0-0: Ball
1-0: Ball
2-0: Ball
3-0: Called Strike
3-1: Ground out 6-3 (Groundball, 6, EV 103.8 MPH)
Top of the 8th over - 0 runs, 0 hits, 0 errors, 0 left on base; Beloit 7 - Cedar Rapids 2
BOTTOM OF THE 8TH
Cedar Rapids Kernels batting - Pitching for Beloit Snappers : RHP Raúl Reyes
Pinch Hitting: SHB José Guzmán 0-0: Fly out, F1 (Line Drive, P, EV 71.3 MPH)
Batting: LHB Pete Baker 0-0: SINGLE (Groundball, 34D, EV 96.9 MPH)
Batting: LHB Bernardo Contreras 0-0: Ball
1-0: Foul Ball, location: 3FF
1-1: Swinging Strike
1-2: Grounds into double play, 3-6-3 (Groundball, 34, EV 103.1 MPH)
Bottom of the 8th over - 0 runs, 1 hit, 0 errors, 0 left on base; Beloit 7 - Cedar Rapids 2
TOP OF THE 9TH
Beloit Snappers batting - Pitching for Cedar Rapids Kernels : RHP Jorge Medina
Pitching: RHP Dan Davis
Now in CF: José Sánchez
Now in RF: José Guzmán
Batting: RHB Butch Haig 0-0: Ball
1-0: Fly out, F7 (Flyball, 7S, EV 93.1 MPH)
Batting: RHB Dave Mitchell 0-0: Fly out, F8 (Flyball, 8RXD, EV 88.8 MPH)
Batting: LHB José Jiménez 0-0: Ball
1-0: Ground out 1-3 (Groundball, 34S, EV 65.6 MPH)
Top of the 9th over - 0 runs, 0 hits, 0 errors, 0 left on base; Beloit 7 - Cedar Rapids 2
BOTTOM OF THE 9TH
Cedar Rapids Kernels batting - Pitching for Beloit Snappers : RHP Raúl Reyes
Batting: SHB Juan Gallegos 0-0: Ball
1-0: Ball
2-0: DOUBLE (Flyball, 8LXD, EV 93.1 MPH)
Batting: RHB Jorge Rivas 0-0: Ball
1-0: Swinging Strike
1-1: Swinging Strike
1-2: Ball
2-2: Strikes out swinging
Pinch Hitting: RHB Fytor Valena 0-0: Ground out 4-3 (Groundball, 4S, EV 86.9 MPH)
Juan Gallegos to third
Pinch Hitting: RHB Raúl Sierra 0-0: Ball
Wild Pitch!
Juan Gallegos scores
1-0: DOUBLE (Line Drive, 7LS, EV 100.0 MPH)
Pinch Hitting: RHB Rubén Serrano 0-0: Ball
1-0: Called Strike
1-1: Ball
2-1: Foul Ball, location: 5FF
2-2: Foul Ball, location: 5FF
2-2: SINGLE (Line Drive, 4D, EV 101.9 MPH)
Raúl Sierra to third
Pitching: RHP Dave Minor
Batting: RHB José Sánchez 0-0: Foul Ball, location: 3SF
0-1: Swinging Strike
0-2: Ball
1-2: Ball
2-2: Ball
3-2: SINGLE (Line Drive, 7S, EV 108.8 MPH)
Raúl Sierra scores
Rubén Serrano to second
Rubén Serrano to third
Batting: SHB José Guzmán 0-0: Ground out 4-3 (Groundball, 4, EV 90.6 MPH)
Bottom of the 9th over - 2 runs, 4 hits, 0 errors, 2 left on base; Beloit 7 - Cedar Rapids 4
Monday, April 1st , 2024 - OOTP Baseball 24.10 Build 82